 Dungeon Crawl Stone Soup version 0.21.1-1-g345015fe64 (webtiles) character file.

217 AnimeWaifu the Ducker (level 5, 0/28 HPs)
             Began as a Spriggan Berserker on May 24, 2018.
             Was an Initiate of Vehumet.
             Slain by a polar bear (28 damage)
             ... created by the rage of Trog
             ... on level 2 of the Dungeon.
             The game lasted 00:03:32 (1461 turns).

AnimeWaifu the Ducker (Spriggan Berserker)          Turns: 1461, Time: 00:03:33

Health: 0/28       AC:  2    Str: 13    XL:     5   Next: 62%
Magic:  6/6        EV: 21    Int:  9    God:    Vehumet [......]
Gold:   140        SH:  0    Dex: 16    Spells: 4/4 levels left

rFire    . . .     SeeInvis +   j - +0 whip (venom)
rCold    . . .     Gourm    .   (shield restricted)
rNeg     . . .     Faith    .   b - +0 animal skin
rPois    .         Spirit   .   (helmet restricted)
rElec    .         Reflect  .   e - scarf {cloud immunity}
rCorr    .         Harm     .   (gloves unavailable)
MR       .....                  (boots unavailable)
Stlth    +++.......             (no amulet)
HPRegen  0.09/turn              (no ring)
MPRegen  0.10/turn              (no ring)

@: very quick
A: very small, unfitting armour, see invisible, herbivore, speed 3, slow
metabolism 2
a: Renounce Religion


You were on level 2 of the Dungeon.
You worshipped Vehumet.
Vehumet was noncommittal.
You were not hungry.

You visited 1 branch of the dungeon, and saw 2 of its levels.

You collected 140 gold pieces.

Inventory:

Hand Weapons
 a - a +0 short sword
 j - a +0 whip of venom (weapon)
Armour
 b - a +0 animal skin (worn)
 e - a scarf of cloud immunity (worn)
Jewellery
 l - a cursed ring of teleportation {unknown}
Scrolls
 m - a scroll of fog {unknown}
Potions
 f - a potion of lignification
 h - a potion of might
 i - a potion of agility {unknown}
 k - a potion of brilliance {unknown}
Comestibles
 c - 7 rations


   Skills:
 + Level 3.1 Fighting
 - Level 3.7 Short Blades
 * Level 2.1 Maces & Flails
 + Level 5.7 Dodging
 + Level 3.6 Stealth


You had 4 spell levels left.
You didn't know any spells.

Dungeon Overview and Level Annotations

Branches:
Dungeon (2/15)

Altars:
Okawaru
Vehumet
Yredelemnul


Innate Abilities, Weirdness & Mutations

You are very small and have problems with some larger weapons.
You are too small for most types of armour.
You have supernaturally acute eyesight. (SInv)
You are a herbivore.
You cover ground extremely quickly.
You need consume almost no food.


Message History

You hear an angry growl. x3
You hear an angry growl.
You hear an angry growl. x2
You hear an angry growl.
You hear an angry growl.
There is a stone staircase leading down here.
You climb downwards.
There is a stone staircase leading up here.
You start resting.
HP restored.
Trog sends monsters to punish you. 3 polar bears and 2 black bears come into view.
As you read the scroll labeled WECHEUSCHA YNTIG, it crumbles to dust.
It is a scroll of identify.
h - a potion of might
As you read the scroll labeled UPIUCISSEE, it crumbles to dust.
You hear a loud clanging noise!
It was a scroll of noise.
The polar bear bites you!!
Ouch! That really hurt!
You die...

.# #..#..###....###... .#
#.<##.#..÷#..# ##.. .#
##(.....#.#..###... .#
###...[...#......## .#
###...#....##.##..### .#
###...###..(.##.##..... .#
###...### #.............. .#
##...#######.#...#.#.....P
.#######..####hh@hh.#.#.>..##.#..
......##.##...h######.###.......P
......##.##.## #.. #.###.#..
......##....# . #.# #....
...####...### #.# ###.
##.###...## #.# #.....#)# ...
♣...###.# .. ♣♣.[♣ #.#


You could see 3 polar bears and 2 black bears.

Vanquished Creatures
  Sigmund (D:2)
  3 adders (D:2)
  A worm (D:2)
  2 dart slugs
  A bat (D:1)
  2 giant cockroaches (D:1)
  2 goblins (D:1)
  A hobgoblin (D:1)
  4 jackals (D:1)
  5 kobolds
  2 frilled lizards (D:1)
  2 rats (D:1)
26 creatures vanquished.

Notes
Turn   | Place    | Note
-------+----------+-------------------------------------------
     0 | D:1      | AnimeWaifu the Spriggan Berserker began the quest for the Orb.
     0 | D:1      | Reached XP level 1. HP: 11/11 MP: 2/2
   106 | D:1      | Reached skill level 1 in Stealth
   106 | D:1      | Reached XP level 2. HP: 16/16 MP: 3/3
   689 | D:2      | Found a radiant altar of Vehumet.
   760 | D:2      | Fell from the grace of Trog
   760 | D:2      | Became a worshipper of Vehumet
   777 | D:2      | Reached XP level 3. HP: 4/19 MP: 4/4
  1095 | D:2      | Reached skill level 5 in Dodging
  1097 | D:2      | Reached skill level 1 in Maces & Flails
  1142 | D:2      | Found an iron altar of Okawaru.
  1184 | D:2      | Noticed Sigmund
  1186 | D:2      | Found a basalt altar of Yredelemnul.
  1210 | D:2      | Killed Sigmund
  1210 | D:2      | Reached XP level 4. HP: 6/24 MP: 5/5
  1210 | D:2      | Reached XP level 5. HP: 7/28 MP: 6/6
  1336 | D:1      | Noticed a black bear
  1336 | D:1      | Noticed a black bear
  1336 | D:1      | Noticed a black bear
  1336 | D:1      | Noticed a black bear
  1336 | D:1      | Noticed a black bear
  1336 | D:1      | Noticed a black bear
  1460 | D:2      | Noticed a polar bear
  1460 | D:2      | Noticed a black bear
  1460 | D:2      | Noticed a polar bear
  1460 | D:2      | Noticed a polar bear
  1460 | D:2      | Noticed a black bear
  1461 | D:2      | Slain by a polar bear

Skill      XL: |  1  2  3 |
---------------+----------+-----
Stealth        | 1 3 |  3.6
Dodging        | 5 |  5.7
Maces & Flails | 2 |  2.1
Fighting       | 3 |  3.1
Short Blades   | |  3.7

Action                   |  1- 3 |  4- 6 || total
-------------------------+-------+-------++-------
Melee: Short sword       |    49 |       ||    49
       Whip              |    44 |       ||    44
Invok: Berserk           |     2 |       ||     2
  Use: Potion            |     3 |       ||     3
       Scroll            |     2 |     2 ||     4
 Stab: Sleeping          |     4 |       ||     4
Armor: Animal skin       |     7 |       ||     7
       Skin              |     4 |       ||     4
Dodge: Dodged            |    65 |       ||    65
